 Dungeon Crawl Stone Soup version 0.19.1-1-g22dce08 (webtiles) character file.

2032 ImaNewbie the Covert (level 9, -1/39 HPs)
             Began as a Spriggan Enchanter on Jan 10, 2017.
             Was a Believer of Okawaru.
             Killed by divine providence
             ... invoked by an orc priest
              (16 damage)
             ... on level 8 of the Dungeon.
             The game lasted 00:26:17 (8657 turns).

ImaNewbie the Covert (Spriggan Enchanter)           Turns: 8657, Time: 00:26:17

Health: -1/39      AC:  4    Str: 14    XL:     9   Next: 3%
Magic:  16/19      EV: 22    Int: 16    God:    Okawaru [**....]
Gold:   439        SH:  0    Dex: 20    Spells: 4 memorised, 11 levels left

rFire  . . .     SeeInvis +     C - +10 dagger of Sunlight {drain, rPois MR- Str+10 Stlth-}
rCold  . . .     Gourm    .     b - +1 robe
rNeg   . . .     Faith    .     (shield restricted)
rPois  +         Spirit   .     (helmet restricted)
rElec  .         Reflect  .     q - +0 cloak
rCorr  .         Harm     .     (gloves unavailable)
MR     .....                    (boots unavailable)
Stlth  ++++++....               (no amulet)
                                l - ring of stealth
                                e - ring of stealth

@: very quick
A: unfitting armour, see invisible, herbivore 3, speed 3, slow metabolism 2
a: Heroism, Renounce Religion


You were on level 8 of the Dungeon.
You worshipped Okawaru.
Okawaru was pleased with you.
You were very hungry.

You visited 2 branches of the dungeon, and saw 9 of its levels.

You collected 439 gold pieces.

Inventory:

Hand Weapons
 C - the +10 dagger of Sunlight (weapon) {drain, rPois MR- Str+10 Stlth-}
   (You found it on level 6 of the Dungeon)

   A truly terrible weapon, it drains the life of those it strikes.
   It affects your strength (+10).
   It protects you from poison.
   It affects your resistance to hostile enchantments.
   It makes you less stealthy.
 D - a +0 short sword of draining
Missiles
 i - 47 poisoned needles
 k - 158 arrows
 E - 5 curare-tipped needles
Armour
 b - a +1 robe (worn)
 q - a +0 cloak (worn)
Jewellery
 a - an uncursed ring of stealth
 e - a ring of stealth (left hand)
 l - a ring of stealth (right hand)
 u - a +2 ring of intelligence
Wands
 t - a wand of enslavement (18/24)
 H - a wand of paralysis (3/24)
Scrolls
 o - 2 scrolls of recharging {unknown}
 p - 2 scrolls of amnesia
 r - 5 scrolls of identify
 s - 2 scrolls of remove curse
 y - 2 scrolls of teleportation {unknown}
 B - a scroll of noise {unknown}
 G - 2 scrolls of fear
 J - a scroll of immolation {unknown}
Potions
 f - a potion of might
 g - 3 potions of curing
 h - 2 potions of heal wounds
 j - a potion of brilliance
 m - 2 potions of agility
 n - a potion of magic
 v - a potion of flight {unknown}
 w - 3 potions of haste
 x - a potion of cancellation {unknown}
 z - a potion of lignification {unknown}
 A - a potion of invisibility {unknown}
 F - a potion of cure mutation {unknown}
Books
 c - a book of Maledictions

   Spells                             Type                      Level
   a - Corona                         Hexes                        1
   b - Ensorcelled Hibernation        Hexes/Ice                    2
   c - Confuse                        Hexes                        3
   d - Tukima's Dance                 Hexes                        3
   e - Dazzling Spray                 Conjuration/Hexes            3
 I - a book of Battle

   Spells                             Type                      Level
   a - Infusion                       Charms                       1
   b - Shroud of Golubria             Charms/Translocation         2
   c - Song of Slaying                Charms                       2
   d - Spectral Weapon                Hexes/Charms                 3
   e - Regeneration                   Charms/Necromancy            3
Comestibles
 d - 6 bread rations


   Skills:
 - Level 7.1 Short Blades
 - Level 5.9 Dodging
 - Level 10.5 Stealth
 - Level 6.4 Spellcasting
 + Level 6.6 Hexes


You had 11 spell levels left.
You knew the following spells:

 Your Spells              Type           Power        Failure   Level  Hunger
a - Ensorcelled Hibernat  Hex/Ice        ###...       8%          2    None
b - Corona                Hex            ####...      1%          1    None
c - Tukima's Dance        Hex            ####....     2%          3    ##.....
d - Confuse               Hex            ####....     2%          3    ##.....


Dungeon Overview and Level Annotations

Branches:
Dungeon (8/15)             Temple (1/1) D:5
   Lair: D:8-11

Altars:
Cheibriados
Dithmenos
Elyvilon
Fedhas
Gozag
Hepliaklqana
Kikubaaqudgha
Makhleb
Nemelex Xobeh
Okawaru
Qazlal
Ru
Sif Muna
Uskayaw
Xom
Yredelemnul
Zin


Innate Abilities, Weirdness & Mutations

You are very small and have problems with some larger weapons.
You are too small for most types of armour.
You have supernaturally acute eyesight. (SInv)
You are a herbivore.
You cover ground extremely quickly.
You need consume almost no food.


Message History

The orc wizard gestures wildly while chanting.
The orc wizard blinks!
An orc comes into view.
The orc priest calls down the wrath of Beogh upon you.
Beogh smites you!
The centaur wields a shortbow.
The centaur shoots an arrow.
The arrow hits you!
* * * LOW HITPOINT WARNING * * *
You see here an arrow.
You feel much better.
The centaur shoots an arrow.
The arrow hits you! The orc completely misses you.
The orc priest looks satisfied for a moment.
The centaur shoots an arrow.
The arrow completely misses you.
The centaur shoots an arrow.
The arrow hits you.
You see here an arrow.
You feel yourself speed up.
The centaur shoots an arrow.
The arrow closely misses you.
The centaur shoots an arrow.
The arrow closely misses you.
The orc priest mumbles some strange prayers to Beogh against you.
Beogh smites you!
You die...

#...##........###..............
#....##.......@.....##..#....<.
####.#.##.....#..(...........##..
.......##.......###..........##.#
.................................
......#..#.#.###.............####
.###.............##..........#
.##........#.######..........#
.#....)......### #..........#
.#..........>..# #..........#
............##.# #.....#.######
............##.####.#...)........
..................)....)....[....
###..............................
##........#####.................
#..........####..#..............
#..........).##..#.#............


You could see a centaur, an orc priest and an orc.

Vanquished Creatures
  A wyvern (D:7)
  The ghost of TheTruth the Sneak, an amateur HuWn (D:3)
  Menkaure (D:7)
  Duvessa (D:7)
  An orc warrior (D:8)
  An ice beast (D:5)
  An ogre (D:7)
  A centaur (D:8)
  2 bullfrogs
  A gnoll sergeant (D:8)
  Dowan (D:7)
  A bullfrog zombie (D:5)
  2 orc priests (D:5)
  A gnoll shaman (D:7)
  5 hounds
  2 jellies (D:6)
  2 orc wizards
  Crazy Yiuf (D:3)
  Ijyb (D:3)
  4 worker ants
  A hound zombie (D:7)
  A worker ant zombie (D:5)
  Robin (D:2)
  6 gnolls
  13 adders
  4 river rats (D:7)
  3 oozes
  8 worms
  2 dart slugs (D:1)
  10 leopard geckos
  17 orcs
  3 ball pythons
  10 bats
  2 giant cockroaches
  12 goblins
  8 hobgoblins
  7 jackals
  A quokka (D:5)
  3 frilled lizards
  4 kobolds
  A leopard gecko skeleton (D:7)
  A leopard gecko zombie (D:5)
  A quokka skeleton (D:7)
  A quokka zombie (D:6)
  23 rats
174 creatures vanquished.

Notes
Turn   | Place    | Note
-------+----------+-------------------------------------------
     0 | D:1      | ImaNewbie the Spriggan Enchanter began the quest for the Orb.
     0 | D:1      | Reached XP level 1. HP: 9/9 MP: 5/5
   276 | D:1      | Reached XP level 2. HP: 13/13 MP: 6/6
   285 | D:1      | Learned a level 2 spell: Ensorcelled Hibernation
  1353 | D:2      | Reached XP level 3. HP: 12/16 MP: 8/8
  2093 | D:2      | Reached skill level 5 in Hexes
  2159 | D:2      | Reached XP level 4. HP: 5/21 MP: 0/9
  2556 | D:2      | Noticed Robin
  3109 | D:2      | Killed Robin
  3490 | D:3      | Found a runed door.
  3494 | D:3      | Noticed Crazy Yiuf
  3506 | D:3      | Killed Crazy Yiuf
  3506 | D:3      | Reached XP level 5. HP: 24/24 MP: 3/10
  3703 | D:3      | Noticed Ijyb
  3710 | D:3      | Killed Ijyb
  4140 | D:3      | Noticed TheTruth's ghost (amateur HuWn)
  4161 | D:3      | Learned a level 3 spell: Tukima's Dance
  4165 | D:3      | Learned a level 3 spell: Confuse
  4315 | D:3      | Killed TheTruth's ghost
  4315 | D:3      | Reached XP level 6. HP: 28/28 MP: 1/14
  4552 | D:4      | Reached skill level 5 in Spellcasting
  5138 | D:4      | Found a white marble altar of Elyvilon.
  5466 | D:5      | Entered Level 5 of the Dungeon
  5498 | D:5      | Found an ancient bone altar of Kikubaaqudgha.
  5516 | D:4      | Reached XP level 7. HP: 30/32 MP: 9/17
  5803 | D:5      | Reached skill level 5 in Stealth
  6265 | D:5      | Found a staircase to the Ecumenical Temple.
  6271 | Temple   | Entered the Ecumenical Temple
  6421 | Temple   | Became a worshipper of Warmaster Okawaru
  6789 | D:5      | Found a basalt altar of Yredelemnul.
  6802 | D:5      | Found a burning altar of Makhleb.
  6810 | D:5      | Found a sparkling altar of Nemelex Xobeh.
  6813 | D:5      | Found a sacrificial altar of Ru.
  6905 | D:5      | Reached skill level 5 in Dodging
  6905 | D:5      | Reached skill level 6 in Stealth
  7503 | D:6      | Got a faintly glowing dagger
  7504 | D:6      | Identified the +10 dagger of Sunlight {drain, rPois MR- Str+10 Stlth-} (You found it on level 6 of the Dungeon)
  7564 | D:7      | Noticed Menkaure
  7568 | D:7      | Killed Menkaure
  7568 | D:7      | Reached * piety under Okawaru
  7568 | D:7      | Reached skill level 7 in Stealth
  7568 | D:7      | Reached XP level 8. HP: 36/36 MP: 18/18
  7672 | D:7      | Found a deep blue altar of Sif Muna.
  7689 | D:7      | Noticed Duvessa
  7690 | D:7      | Noticed Dowan
  7692 | D:7      | Killed Duvessa
  7692 | D:7      | Reached skill level 5 in Short Blades
  7692 | D:7      | Reached skill level 8 in Stealth
  7758 | D:7      | Killed Dowan
  7910 | D:7      | Reached ** piety under Okawaru
  7910 | D:7      | Reached skill level 9 in Stealth
  8047 | D:7      | Found a snail-covered altar of Cheibriados.
  8132 | D:7      | Reached skill level 10 in Stealth
  8636 | D:8      | Reached XP level 9. HP: 26/39 MP: 12/19
  8638 | D:8      | HP: 1/39 [orc wizard/dagger (1)]
  8657 | D:8      | Killed from afar by an orc priest

Skill      XL: |  1  2  3  4  5  6  7  8 |
---------------+-------------------------+-----
Hexes          | 4 5 6 |  6.6
Short Blades   | 2 3 4 7 |  7.1
Spellcasting   | 4 6 |  6.4
Stealth        | 7 10 | 10.5
Dodging        | 5 |  5.9

Action                   |  1- 3 |  4- 6 |  7- 9 || total
-------------------------+-------+-------+-------++-------
Melee: Dagger            |   172 |   190 |   216 ||   578
 Cast: Ensorcelled Hiber |    16 |    34 |    45 ||    95
       Corona            |     2 |       |       ||     2
       Confuse           |       |     6 |     3 ||     9
Invok: Heroism           |       |       |     1 ||     1
  Use: Scroll            |       |    13 |       ||    13
       Potion            |       |       |     2 ||     2
 Stab: Sleeping          |    12 |    28 |    39 ||    79
       Confused          |       |     3 |     1 ||     4
       Distracted        |       |       |     1 ||     1
  Eat: Bread ration      |       |     1 |       ||     1
       Pizza             |       |       |     1 ||     1
Armor: Robe              |    25 |    14 |     8 ||    47
Dodge: Dodged            |   133 |   118 |   120 ||   371
